 Dungeon Crawl Stone Soup version 0.28-a0-941-g140ffa10cf (webtiles) character file.

Game seed: 16096195716269855336

49 BinkBink the Cudgeller (level 3, -3/33 HPs)
             Began as a Minotaur Monk on Nov 29, 2021.
             Slain by Jessica (6 damage)
             ... on level 2 of the Dungeon.
             The game lasted 00:03:14 (2679 turns).

BinkBink the Cudgeller (Minotaur Monk)              Turns: 2679, Time: 00:03:15

Health: -3/33      AC:  2    Str: 15    XL:     3   Next: 51%
Magic:  2/2        EV: 10    Int:  7    God:
Gold:   70         SH:  7    Dex: 13    Spells: 2/2 levels left

rFire   . . .      SeeInvis .   a - +1 mace
rCold   . . .      Faith    .   g - +0 kite shield
rNeg    . . .      Spirit   .   b - +0 robe
rPois   .          Reflect  .   (helmet restricted)
rElec   .          Harm     .   (no cloak)
rCorr   .          Rampage  .   (no gloves)
Will    .....                   (no boots)
Stlth   ++........              (no amulet)
HPRegen 0.11/turn               (no ring)
MPRegen 0.08/turn               (no ring)

@: lethally poisoned (-3 -> -13)
A: horns 2, retaliatory headbutt
a: no special abilities


You were on level 2 of the Dungeon.
You visited 1 branch of the dungeon, and saw 2 of its levels.

You collected 70 gold pieces.

Inventory:

Hand Weapons
 a - a +1 mace (weapon)
Missiles
 l - 2 throwing nets (quivered)
Armour
 b - a +0 robe (worn)
 g - a +0 kite shield (worn)
Jewellery
 h - a ring of protection from cold
Scrolls
 k - a scroll of noise {unknown}
 n - a scroll of identify {unknown}
Potions
 m - a potion of ambrosia {unknown}


   Skills:
 + Level 4.1 Fighting
 + Level 4.2 Maces & Flails
 * Level 1.0 Armour
 + Level 3.8 Dodging
 - Level 1.6 Stealth
 * Level 1.0 Shields


You had 2 spell levels left.
You didn't know any spells.
Your spell library contained the following spells:

 Spells                   Type           Power      Damage    Failure   Level
 Stone Arrow              Conj/Erth      0%         3d7       100%        3
 Animate Armour           Summ/Erth      0%         N/A       100%        4
 Fireball                 Conj/Fire      0%         3d3       100%        5
 Iskenderun's Battlesphe  Conj           0%         2d6       100%        5
 Conjure Ball Lightning   Conj/Air       0%         3x3d6     100%        6
 Orb of Destruction       Conj           0%         N/A       100%        7
 Lehudib's Crystal Spear  Conj/Erth      0%         10d2      100%        8


Dungeon Overview and Level Annotations

Branches:
Dungeon (2/15)

Altars:

Annotations:
D:2 Jessica


Innate Abilities, Weirdness & Mutations

You have a pair of horns on your head.
You reflexively headbutt those who attack you in melee.


Message History

Jessica shouts, "You are a ghastly nuisance!"
Jessica points at you and mumbles some strange words.
You barely resist.
As you read the scroll labelled TIKLUTR ERONO, it crumbles to dust.
Magic quickly surges around you.
It was a scroll of vulnerability.
You feel sick. The giant cockroach closely misses you.
Jessica mumbles something strange.
Jessica hits you with a +0 dagger of venom.
* * * LOW HITPOINT WARNING * * *
You are lethally poisoned!
As you read the scroll labelled CAQOX KIOHIU, it crumbles to dust.
You feel strangely unstable.
It was a scroll of teleportation.
* * * LOW HITPOINT WARNING * * *
You feel very sick. You block the giant cockroach's attack.
Jessica gestures at you while chanting. Pain shoots through your body!
* * * LOW HITPOINT WARNING * * *
You block the giant cockroach's attack.
It was a potion of curing.
You feel better. The giant cockroach misses you. You furiously retaliate!
You headbutt the giant cockroach. Jessica completely misses you.
It was a potion of flight.
You feel very buoyant.
You fly up into the air.
The giant cockroach bites you.
* * * LOW HITPOINT WARNING * * *
Jessica looks very angry.
Jessica hits you with a +0 dagger of venom.
* * * LOW HITPOINT WARNING * * *
You are lethally poisoned!
It was a potion of cancellation.
You feel strangely stable.
Your magical effects are unravelling.
You feel magically purged.
You float gracefully downwards.
You feel your willpower return.
* * * LOW HITPOINT WARNING * * *
You feel very sick.
The giant cockroach bites you but does no damage.
Jessica hits you with a +0 dagger of venom.
You die...

###.######......##.###..
#.# .....###.###.. #.#
.... #........ ###.#####
.. #.......# ........# .
#...<...# ........#
######### .......g#
......B@# .......@#####
............##
........###..## #
######### ##..### #####
##...####....
###......### ########


You could see Jessica (weak-willed), a giant cockroach (weak-willed) and a
hobgoblin (weak-willed).

Vanquished Creatures
  A gnoll (D:2)
  An adder (D:2)
  2 dart slugs (D:1)
  4 ball pythons (D:1)
  3 bats (D:1)
  An endoplasm (D:2)
  A giant cockroach (D:1)
  2 goblins (D:1)
  4 hobgoblins (D:1)
  5 frilled lizards
  2 kobolds (D:1)
26 creatures vanquished.

Notes
Turn   | Place    | Note
-------+----------+-------------------------------------------
     0 | D:1      | BinkBink the Minotaur Monk began the quest for the Orb.
     0 | D:1      | Reached XP level 1. HP: 19/19 MP: 0/0
   137 | D:1      | You fall into a shaft and drop 1 floor!
   143 | D:2      | Reached XP level 2. HP: 17/27 MP: 1/1
  1320 | D:1      | Reached XP level 3. HP: 29/33 MP: 2/2
  2411 | D:2      | Found a faded altar of an unknown god.
  2471 | D:2      | Reached skill level 1 in Armour
  2471 | D:2      | Reached skill level 1 in Shields
  2669 | D:2      | Noticed Jessica
  2679 | D:2      | Slain by Jessica

Illustrated notes

Levels and vault maps discovered:
D:1:      lemuel_arrival_rhombus, layout_basic, hangedman_decor_clover_reticule
D:2:      layout_rooms, shapermc_ecumenical_altar_pompeii, uniq_jessica

Skill      XL: |  1  2  3 |
---------------+----------+-----
Maces & Flails | 4 |  4.2
Fighting       | 4 |  4.1
Armour         | 1 |  1.0
Shields        | 1 |  1.0
Dodging        | |  3.8
Stealth        | |  1.6

Action                   || total
-------------------------++-------
Melee: Mace              ||    69
       Headbutt          ||     8
  Use: Scroll            ||     3
       Potion            ||     3
 Stab: Sleeping          ||     3
Armor: Robe              ||     7
Dodge: Dodged            ||    41
Block: Kite shield       ||    26

Table legend: (Time is in decaauts)
 A = Elapsed time spent in this place.
 B = Non-inter-level travel time spent in this place.
 C = Inter-level travel time spent in this place.
 D = Time resting spent in this place.
 E = Time spent auto-exploring this place.
 F = Levels seen in this place.
 G = Mean time per level.
                   A        B        C        D        E       F      G
               +--------+--------+--------+--------+--------+-----+--------+
         Total |   2712 |   2608 |    104 |      0 |   2256 |   2 | 1356.0 |
       Dungeon |   2712 |   2608 |    104 |      0 |   2256 |   2 | 1356.0 |
               +--------+--------+--------+--------+--------+-----+--------+

Top non-repeatable levels by time:
     D:1: 1992 daAuts
     D:2: 719 daAuts
